 Dungeon Crawl Stone Soup version 0.32-a0-612-g1c984fe9d1 (webtiles) character file.

Game seed: 8887626455836505062

88965 Maxmaps the Carver (level 15, -8/129 HPs)
             Began as a Demonspawn Monk on Mar 5, 2024.
             Was an Initiate of Gozag.
             Mangled by Plog's ghost (26 damage)
             ... on level 15 of the Dungeon.
             The game lasted 00:54:51 (20518 turns).

Maxmaps the Carver (Demonspawn Monk)               Turns: 20518, Time: 00:54:52

Health: -8/129     AC: 25    Str: 13    XL:     15   Next: 48%
Magic:  0/15       EV: 16    Int: 17    God:    Gozag
Gold:   998        SH: 17    Dex: 15    Spells: 14/14 levels left

rFire   . . .        W - +0 demon blade (freeze)
rCold   . . .        u - +0 kite shield
rNeg    + . .        F - +0 pearl dragon scales
rPois   +            q - +0 helmet
rElec   .            (no cloak)
rCorr   .            T - +2 pair of gloves {Stlth+}
SInv    .            (no boots)
Will    +....        i - amulet of regeneration
Stlth   +            f - +5 ring of evasion
HPRegen 1.21/turn    d - ring of poison resistance
MPRegen 0.28/turn

%: guardian spirit
@: mighty, studying Conjurations
A: hooves 2, thin metallic scales 2, icemail 1, robust 1, magic shield, magic
regeneration, condensation shield, wild magic 1
a: Renounce Religion, Potion Petition, Call Merchant, Bribe Branch


You were on level 15 of the Dungeon.
You worshipped Gozag.
Gozag was pleased with you.
You visited 3 branches of the dungeon, and saw 21 of its levels.
You visited 1 bazaar.
You also visited: Sewer, Bailey and Ice Cave.

You collected 6279 gold pieces.
You spent 1263 gold pieces at shops.
You paid 4018 gold pieces to Gozag.

Inventory:

Hand Weapons
 Q - a +3 scimitar of flaming
 W - a +0 demon blade of freezing (weapon)
Missiles
 b - 2 throwing nets (quivered)
Armour
 c - an orb of light
 q - a +0 helmet (worn)
 u - a +0 kite shield (worn)
 F - +0 pearl dragon scales (worn)
 T - a +2 pair of gloves of stealth (worn)
Jewellery
 d - a ring of poison resistance (right hand)
 f - a +5 ring of evasion (left hand)
 i - an amulet of regeneration (around neck)
 l - a ring of fire
 A - an amulet of reflection
 P - a ring of positive energy
 S - a ring of flight
 U - a ring of protection from cold
Wands
 j - a wand of polymorph (11)
 p - a wand of charming (12)
 w - a wand of acid (11)
 y - a wand of iceblast (30)
 J - a wand of mindburst (22)
 L - a wand of digging (7)
Scrolls
 g - a scroll of teleportation
 k - 2 scrolls of amnesia
 o - 3 scrolls of vulnerability
 x - 2 scrolls of blinking
 B - 3 scrolls of fog
 C - 2 scrolls of enchant weapon
 E - 7 scrolls of enchant armour
 G - 3 scrolls of poison
 H - a scroll of immolation
 K - a scroll of butterflies
 M - 4 scrolls of fear
 N - 2 scrolls of torment
 O - 12 scrolls of identify
 V - 2 scrolls of revelation
 X - a scroll of brand weapon
Potions
 a - 4 potions of lignification
 e - 3 potions of magic
 h - 2 potions of cancellation
 m - 3 potions of invisibility
 n - 4 potions of brilliance
 r - 4 potions of degeneration
 t - 10 potions of curing
 v - 2 potions of attraction
 z - 8 potions of mutation
 D - 2 potions of ambrosia
 I - 2 potions of enlightenment


   Skills:
 - Level 11.0 Fighting
 - Level 8.1(11.8) Short Blades
 - Level 13.4(14.2) Long Blades
 - Level 8.0 Armour
 - Level 10.3 Dodging
 + Level 13.4 Shields
 - Level 3.4 Unarmed Combat


You had 14 spell levels left.
You didn't know any spells.
Your spell library contained the following spells:

 Spells                   Type           Power      Damage    Failure   Level
 Apportation              Tloc           0%         N/A       96%         1
 Freeze                   Ice            0%         1d3       96%         1
 Magic Dart               Conj           0%         1d3       96%         1
 Sandblast                Erth           0%         2d4       96%         1
 Shock                    Conj/Air       0%         1d3       96%         1
 Slow                     Hex            0%         N/A       96%         1
 Summon Small Mammal      Summ           0%         N/A       96%         1
 Cigotuvi's Dreadful Rot  Necr/Alch/Air  0%         N/A       99%         2
 Jinxbite                 Hex            0%         N/A       99%         2
 Scorch                   Fire           0%         2d5       99%         2
 Searing Ray              Conj           0%         2d4       99%         2
 Static Discharge         Conj/Air       0%         3-3/arc   99%         2
 Call Canine Familiar     Summ           0%         N/A       100%        3
 Dazzling Flash           Conj/Hex       0%         N/A       100%        3
 Frozen Ramparts          Ice            0%         1d1       100%        3
 Fugue of the Fallen      Necr           0%         N/A       100%        3
 Hailstorm                Conj/Ice       0%         3d5       100%        3
 Passwall                 Erth           0%         N/A       100%        3
 Stone Arrow              Conj/Erth      0%         3d7       100%        3
 Volatile Blastmotes      Fire/Tloc      0%         2d10      100%        3
 Animate Armour           Summ/Erth      0%         N/A       100%        4
 Brom's Barrelling Bould  Conj/Erth      0%         2d3       100%        4
 Flame Wave               Conj/Fire      0%         2d4       100%        4
 Fulminant Prism          Conj/Alch      0%         3d5       100%        4
 Ignite Poison            Fire/Alch      0%         N/A       100%        4
 Iskenderun's Mystic Bla  Conj/Tloc      0%         2d3       100%        4
 Sticky Flame             Fire/Alch      0%         2d4       100%        4
 Summon Blazeheart Golem  Fire/Summ      0%         N/A       100%        4
 Summon Lightning Spire   Summ/Air       0%         N/A       100%        4
 Vhi's Electric Charge    Tloc/Air       0%         N/A       100%        4
 Alistair's Intoxication  Alch           0%         N/A       100%        5
 Arcjolt                  Conj/Air       0%         1d10      100%        5
 Borgnjor's Vile Clutch   Necr/Erth      0%         N/A       100%        5
 Curse of Agony           Necr           0%         N/A       100%        5
 Freezing Cloud           Conj/Ice/Air   0%         6-21      100%        5
 Lee's Rapid Deconstruct  Erth           0%         3d4*      100%        5
 Death Channel            Necr           0%         N/A       100%        6
 Plasma Beam              Fire/Air       0%         2x1d10    100%        6
 Starburst                Conj/Fire      0%         6d3       100%        6
 Summon Cactus Giant      Summ           0%         N/A       100%        6
 Ignition                 Fire           0%         3d3       100%        8
 Maxwell's Capacitive Co  Air            0%         ∞         100%        8
 Animate Dead             Necr           Unusable   N/A       N/A         4

Dungeon Overview and Level Annotations

Branches:
Dungeon (15/15)            Temple (1/1) D:5            Lair (5/5) D:10
 Shoals (0/4) Lair:2       Spider (0/4) Lair:2        Slime (0/5) Lair:4
    Orc (0/2) D:11         Vaults (0/5) D:14         Depths (0/4) D:15
  Sewer (visited)          Bailey (visited)           IceCv (visited)

Altars:
Ashenzari
Cheibriados
Dithmenos
Fedhas
Gozag
Hepliaklqana
Kikubaaqudgha
Makhleb
Nemelex Xobeh
Okawaru
Qazlal
Ru
Sif Muna
Trog
Uskayaw
Vehumet
Wu Jian
Xom
Yredelemnul
Jiyva

Shops:
D:9 ?   D:10 :*(=[   D:11 [*(*!

Portals:
Trove: D:13 (show slimy rune of Zot)

Annotations:
D:7 1 runed translucent door, 2 transporters, exclusion: 3 orange crystal statues, Thrassey's ghost, novice DsAl
D:13 exclusion: 2 statues
D:15 Iluat's ghost, journeyman MDFE; Iranwisias's ghost, journeyman KoHu; Plog's ghost, journeyman DsMo; Ratippef's ghost, journeyman DEAE; Tewoziw's ghost, journeyman FoFi


Innate Abilities, Weirdness & Mutations

You have hoof-like feet.
You are mostly covered in thin metallic scales. (AC +3)
A meltable icy envelope protects you from harm. (AC +4)
You are robust. (+10% HP)
When hurt, damage is shared between your health and your magic reserves.
You regenerate magic rapidly.
A meltable shield of frost defends you. (SH +4)
Your spells are a little harder to cast, but a little more powerful.


Message History

You hit Plog's ghost but do no damage. Your kick misses Plog's ghost.
Plog's ghost is severely damaged.
Plog's ghost hits you but does no damage.
You slice Plog's ghost!! Your kick misses Plog's ghost.
Plog's ghost is almost destroyed.
You hit Plog's ghost.
Plog's ghost is almost destroyed.
Plog's ghost hits you but does no damage.
You barely miss Plog's ghost. Your kick misses Plog's ghost.
Plog's ghost is almost destroyed.
Plog's ghost hits you! Plog's ghost freezes you.
You miss Plog's ghost. Your kick misses Plog's ghost.
Plog's ghost is almost destroyed.
You block Plog's ghost's attack.
You hit Plog's ghost. Your kick misses Plog's ghost.
Plog's ghost is almost destroyed.
You closely miss Plog's ghost.
Plog's ghost is almost destroyed.
Plog's ghost hits you! Plog's ghost freezes you!
* * * LOW HITPOINT WARNING * * *
You barely miss Plog's ghost.
Plog's ghost is almost destroyed.
Plog's ghost hits you.
* * * LOW HITPOINT WARNING * * *
Plog's ghost freezes you.
* * * LOW HITPOINT WARNING * * *
You hit Plog's ghost but do no damage.
You kick Plog's ghost, but do no damage.
Plog's ghost is almost destroyed.
You hit Plog's ghost.
Plog's ghost is almost destroyed.
Plog's ghost hits you!
* * * LOW HITPOINT WARNING * * *
Plog's ghost freezes you.
* * * LOW HITPOINT WARNING * * *
You miss Plog's ghost. Your kick misses Plog's ghost.
Plog's ghost is almost destroyed.
Plog's ghost hits you!!
You die...
Your body crumbles into a pile of gold.

#####################
######...................#
.................#######.#
..........######.# #.#
.#####W##.# #.# #)# ..####.##.###
#.#######.####### ............#
#...............##
..#####W#.#.####@.######.####...#
§##WHW.........W...# #.###.....
.##.###.#.#.####...# #.........
.$$.# #.....# #...#########.....
##W.# ###.### #................#
#..# #.# #....#############
##.######.# #....#############
..........# #................^
########### ###..........#.###


You could see Plog's ghost.

Vanquished Creatures
  A sphinx (D:15)
  Kirke (D:15)
  The ghost of Gryn the Warrior, an adept DjFE of Cheibriados (D:15)
  The ghost of Plog the Cruncher, a journeyman DsMo of Gozag (D:15)
  A stone giant (D:15)
  3 slime creatures (D:12)
  Josephine (D:14)
  A catoblepas (D:13)
  7 hydras
  3 centaur warriors
  10 vault guards
  A death knight (D:15)
  2 boulder beetles
  Erica (D:9)
  6 death yaks
  2 tengu warriors (D:15)
  5 two-headed ogres
  A hell hog (Lair:5)
  Nergalle (Lair:2)
  2 skysharks
  An orb spider (Lair:2)
  An arcanist (D:14)
  An orange crystal statue (D:7)
  2 deep elf pyromancers (D:13)
  12 ugly things
  2 manticores (D:13)
  4 cyclopes
  A meliai (shapeshifter) (D:15)
  15 elephants
  2 black mambas
  Joseph (D:9)
  A molten gargoyle (Lair:5)
  2 ice statues (IceCv)
  10 cane toads
  3 gargoyles
  A water nymph (Lair:2)
  Jeremiah (D:9)
  2 rime drakes
  6 komodo dragons
  Maggie (D:9)
  An efreet (D:14)
  3 freezing wraiths (D:15)
  2 trolls
  14 polar bears
  2 raiju (Lair:5)
  A hornet (D:11)
  9 dream sheep
  18 blink frogs
  A polar bear (shapeshifter) (D:14)
  A raiju (shapeshifter) (D:12)
  Prince Ribbit (Bailey)
  A shadow (D:10)
  6 wyverns
  10 wraiths
  4 fire bats (Lair:5)
  46 yaks
  2 basilisks
  2 hogs (D:15)
  5 humans
  2 death yak simulacra (IceCv)
  5 wargs
  An acid dragon (D:13)
  12 water moccasins
  15 hell hounds (Lair:5)
  3 orc warriors
  A sky beast (D:8)
  5 ice beasts (D:10)
  12 black bears
  2 laughing skulls (D:15)
  A crocodile (shapeshifter) (D:15)
  An ogre (D:5)
  43 wolves
  19 centaurs
  3 phantoms
  2 kobold brigands
  A gnoll sergeant (D:7)
  23 bullfrogs
  3 scorpions
  A cane toad simulacrum (IceCv)
  13 wights
  An elephant simulacrum (IceCv)
  2 howler monkeys (D:7)
  An electric eel (Lair:2)
  A bombardier beetle (D:5)
  10 orc priests
  4 sleepcaps
  3 gnoll boudas
  5 hounds
  4 jellies
  3 iguanas
  12 orc wizards
  A hell rat (Sewer)
  A wolf simulacrum (IceCv)
  Robin (D:2)
  20 gnolls
  6 adders
  2 shadow imps
  3 white imps
  2 ufetubi (D:6)
  2 dart slugs
  2 ribbon worms
  42 orcs
  4 ball pythons
  8 endoplasms
  3 giant cockroaches
  22 goblins
  15 hobgoblins
  15 kobolds
  A quokka (D:3)
  4 bats
  4 frilled lizards
  12 rats
633 creatures vanquished.

Vanquished Creatures (others)
  The ghost of Boicepta the Bludgeoner, a journeyman DsGl of Hepliaklqana (D:15)
  An ettin (D:15)
  A human (D:15)
  A laughing skull (D:15)
  A boggart (D:15)
  A ball lightning (D:15)
  A foxfire (D:15)
7 creatures vanquished.

Grand Total: 640 creatures vanquished

Notes
Turn   | Place    | Note
-------+----------+-------------------------------------------
     0 | D:1      | Maxmaps the Demonspawn Monk began the quest for the Orb.
     0 | D:1      | Reached XP level 1. HP: 18/18 MP: 1/1
   130 | D:1      | Gained mutation: You regenerate magic rapidly. [demonic
                  | ancestry]
   130 | D:1      | Reached XP level 2. HP: 24/24 MP: 2/2
   484 | D:1      | Found a faded altar of an unknown god.
   717 | D:2      | Gained mutation: A meltable shield of frost defends you.
                  | (SH +4) [demonic ancestry]
   717 | D:2      | Reached XP level 3. HP: 29/29 MP: 3/3
   768 | D:2      | Reached skill level 1 in Short Blades
   772 | D:2      | Noticed Robin
   808 | D:2      | Killed Robin
   935 | D:2      | Gained mutation: You have large cloven feet. [demonic
                  | ancestry]
   935 | D:2      | Reached XP level 4. HP: 30/35 MP: 4/4
  1471 | D:3      | Gained mutation: You are partially covered in thin metallic
                  | scales. (AC +2) [demonic ancestry]
  1471 | D:3      | Reached XP level 5. HP: 41/41 MP: 5/5
  1586 | D:3      | Noticed a water moccasin
  1604 | D:3      | Gained mutation: You are clumsy. (Dex -2) [potion of
                  | mutation]
  1604 | D:3      | Gained mutation: Potions are less effective at restoring
                  | your health. [potion of mutation]
  1614 | D:3      | Killed a water moccasin
  1615 | D:3      | Gained mutation: You have hoof-like feet. [demonic
                  | ancestry]
  1615 | D:3      | Reached XP level 6. HP: 47/47 MP: 6/6
  1617 | D:3      | Reached skill level 5 in Short Blades
  1665 | D:3      | Lost mutation: Potions are less effective at restoring your
                  | health. [potion of mutation]
  1665 | D:3      | Lost mutation: You are clumsy. (Dex -2) [potion of
                  | mutation]
  1665 | D:3      | Gained mutation: Your spells are a little harder to cast,
                  | but a little more powerful. [potion of mutation]
  1801 | D:3      | Found an iron altar of Okawaru.
  1889 | D:3      | Found a sacrificial altar of Ru.
  2430 | D:4      | Gained mutation: You are mostly covered in thin metallic
                  | scales. (AC +3) [demonic ancestry]
  2430 | D:4      | Reached XP level 7. HP: 48/52 MP: 7/7
  2920 | D:5      | Entered Level 5 of the Dungeon
  2933 | D:5      | Found a staircase to the Ecumenical Temple.
  3387 | D:5      | Reached XP level 8. HP: 50/58 MP: 8/8
  3484 | D:5      | Found a glowing drain.
  3501 | Sewer    | Entered a sewer
  4015 | D:6      | Reached skill level 1 in Armour
  4861 | D:7      | Found a runed translucent door.
  4869 | D:7      | Found the +10 tower shield of Ignorance {rN+ Int-4}
  4938 | D:7      | Reached skill level 5 in Armour
  5001 | D:7      | Reached XP level 9. HP: 39/63 MP: 9/9
  5077 | D:7      | Found a flagged portal.
  5091 | D:7      | Reached skill level 1 in Long Blades
  5102 | Bailey   | Entered a bailey
  5176 | Bailey   | Reached skill level 5 in Long Blades
  5243 | Bailey   | Noticed a vault guard
  5243 | Bailey   | Noticed Prince Ribbit
  5319 | Bailey   | Killed a vault guard
  5320 | Bailey   | Reached XP level 10. HP: 48/70 MP: 10/10
  5364 | Bailey   | Killed Prince Ribbit
  5414 | Bailey   | Noticed a vault guard
  5424 | Bailey   | Killed a vault guard
  5802 | D:7      | Noticed a moth of wrath
  5837 | D:7      | Found a transporter.
  5848 | D:7      | Found a transporter.
  5852 | D:7      | Noticed Thrassey's ghost (novice DsAl)
  5976 | D:7      | Found a runed translucent door.
  5983 | D:7      | Noticed an orange crystal statue
  5983 | D:7      | Noticed an orange crystal statue
  5983 | D:7      | Noticed an orange crystal statue
  5983 | D:7      | Noticed an orange crystal statue
  6065 | D:8      | Found a sparkling altar of Nemelex Xobeh.
  6126 | Temple   | Entered the Ecumenical Temple
  6135 | Temple   | Became a worshipper of Gozag Ym Sagoz the Greedy
  6189 | D:9      | Noticed Joseph
  7215 | D:9      | Reached skill level 10 in Long Blades
  7225 | D:9      | Noticed Erica
  7236 | D:9      | Killed Erica
  7245 | D:9      | Identified the +4 dagger "Daysmatzann" {heavy, Int+4 Dex+3
                  | SInv}
  7314 | D:9      | Killed Joseph
  7365 | D:9      | Identified the +4 leather armour of Pifrilidom {Slay+4}
  7417 | D:9      | Found Picuist's Magic Scroll Shoppe.
  7425 | D:9      | Bought a scroll of identify for 24 gold pieces
  7425 | D:9      | Bought a scroll of identify for 24 gold pieces
  7425 | D:9      | Bought a scroll of identify for 24 gold pieces
  7488 | D:9      | Noticed Maggie
  7507 | D:9      | Killed Maggie
  7526 | D:9      | Found a blossoming altar of Fedhas.
  7646 | D:9      | Gained mutation: When hurt, damage is shared between your
                  | health and your magic reserves. [demonic ancestry]
  7646 | D:9      | Reached XP level 11. HP: 75/75 MP: 11/11
  7668 | D:9      | Noticed Jeremiah
  7692 | D:9      | Killed Jeremiah
  7727 | D:9      | Found an ancient bone altar of Kikubaaqudgha.
  7784 | D:10     | Entered Level 10 of the Dungeon
  7828 | D:10     | Found a staircase to the Lair.
  7853 | D:10     | Reached skill level 5 in Fighting
  7933 | D:10     | Found a stormy altar of Qazlal.
  7935 | D:10     | Noticed a two-headed ogre
  7942 | D:10     | Killed a two-headed ogre
  8025 | D:10     | Noticed a two-headed ogre
  8061 | D:10     | Killed a two-headed ogre
  8096 | D:10     | Noticed a two-headed ogre
  8104 | D:10     | Killed a two-headed ogre
  8239 | D:10     | Found a radiant altar of Vehumet.
  8273 | D:10     | Found Maitutuo's Self-Published Books.
  8442 | D:10     | Found a shimmering blue altar of Sif Muna.
  8595 | D:10     | Bought a scroll of identify for 56 gold pieces
  8595 | D:10     | Bought a potion of might for 112 gold pieces
  8595 | D:10     | Bought a potion of heal wounds for 140 gold pieces
  8595 | D:10     | Bought a potion of heal wounds for 140 gold pieces
  8606 | D:11     | Noticed a boulder beetle
  8634 | D:10     | Killed a boulder beetle
  8730 | D:11     | Noticed a two-headed ogre
  8738 | D:11     | Killed a two-headed ogre
  8760 | D:11     | Found Soiqed's Assorted Antiques.
  8820 | D:11     | Found Qeary's Antique Armour Shoppe.
  8852 | D:11     | Found a staircase to the Orcish Mines.
  8888 | D:11     | Found Miseytoru's General Store.
  8907 | D:11     | Found Ybbuelaor's Distillery.
  9226 | D:11     | Bought a +2 pair of gloves of stealth for 279 gold pieces
  9267 | D:11     | Bought a potion of heal wounds for 70 gold pieces
  9267 | D:11     | Bought a potion of invisibility for 112 gold pieces
  9267 | D:11     | Bought a potion of lignification for 42 gold pieces
  9419 | D:11     | Found Goddac's Weapon Shoppe.
  9572 | D:12     | Gained mutation: A meltable icy envelope protects you from
                  | harm. (AC +4) [demonic ancestry]
  9572 | D:12     | Reached XP level 12. HP: 74/88 MP: 9/12
  9606 | D:12     | Noticed a two-headed ogre
  9617 | D:12     | Killed a two-headed ogre
  9941 | D:12     | Got the Almanac of the Dire Grave
 10368 | D:13     | Found a frozen archway.
 10411 | D:13     | Found a portal to a secret trove of treasure.
 10441 | D:13     | Found a flickering gateway to a bazaar.
 10457 | Bazaar   | Entered a bazaar
 10459 | Bazaar   | Found Veoz's General Store.
 10499 | Bazaar   | Found Polol's Magic Scroll Boutique.
 10510 | Bazaar   | Found Onunnuw's Jewellery Boutique.
 10517 | Bazaar   | Found Neysey's Weapon Shop.
 10534 | Bazaar   | Bought an amulet of reflection for 240 gold pieces
 10621 | IceCv    | Entered an ice cave
 10706 | IceCv    | Found a transporter.
 10721 | IceCv    | Found a transporter.
 10746 | IceCv    | Reached skill level 5 in Dodging
 10902 | D:13     | Noticed a catoblepas
 11688 | Lair:1   | Entered Level 1 of the Lair of Beasts
 12001 | Lair:1   | Got Zyleqyown's Catalogue of the Squall
 12114 | Lair:1   | Reached XP level 13. HP: 78/93 MP: 10/13
 12690 | Lair:2   | Reached skill level 10 in Dodging
 12721 | Lair:2   | Noticed Nergalle
 12740 | Lair:2   | Killed Nergalle
 12844 | Lair:2   | Found a staircase to the Shoals.
 13133 | Lair:2   | Identified the +8 dagger of Dishonour {flame, rN++ Will-
                  | Str+3 Int+2}
 13151 | Lair:2   | Found a hole to the Spider Nest.
 14095 | Lair:3   | Reached skill level 10 in Fighting
 14645 | Lair:4   | Found a viscous altar of Jiyva.
 14645 | Lair:4   | Found a staircase to the Slime Pits.
 14772 | Lair:4   | Identified the +3 quarterstaff "Wareqos" {speed, rElec
                  | rCorr Stlth+}
 14909 | Lair:4   | Reached skill level 1 in Shields
 15266 | Lair:5   | Entered Level 5 of the Lair of Beasts
 15366 | Lair:4   | Reached XP level 14. HP: 113/113 MP: 14/14
 15530 | Lair:5   | Reached skill level 5 in Shields
 16796 | Lair:5   | Reached skill level 10 in Shields
 18177 | D:14     | Found a gate to the Vaults.
 18328 | D:14     | Gained mutation: You are robust. (+10% HP) [demonic
                  | ancestry]
 18328 | D:14     | Reached XP level 15. HP: 39/129 MP: 8/15
 18521 | D:14     | Noticed Josephine
 18539 | D:14     | Killed Josephine
 18825 | D:15     | Entered Level 15 of the Dungeon
 19276 | D:15     | Found a huge runed translucent gate.
 19426 | D:15     | Found a huge runed translucent gate.
 19426 | D:15     | Found a huge runed translucent gate.
 19426 | D:15     | Found a huge runed translucent gate.
 19427 | D:15     | Found a huge runed translucent gate.
 19427 | D:15     | Found a huge runed translucent gate.
 19427 | D:15     | Found a huge runed translucent gate.
 19427 | D:15     | Found a huge runed translucent gate.
 19428 | D:15     | Found a huge runed translucent gate.
 19428 | D:15     | Found a huge runed translucent gate.
 19428 | D:15     | Found a huge runed translucent gate.
 19428 | D:15     | Found a huge runed translucent gate.
 19428 | D:15     | Found a huge runed translucent gate.
 19429 | D:15     | Found a huge runed translucent gate.
 19430 | D:15     | Found a huge runed translucent gate.
 19431 | D:15     | Found a huge runed translucent gate.
 19432 | D:15     | Found a huge runed translucent gate.
 19433 | D:15     | Found a huge runed translucent gate.
 19433 | D:15     | Found a huge runed translucent gate.
 19436 | D:15     | Found a huge runed translucent gate.
 19437 | D:15     | Found a huge runed translucent gate.
 19441 | D:15     | Found a huge runed translucent gate.
 19442 | D:15     | Found a huge runed translucent gate.
 19444 | D:15     | Found a huge runed translucent gate.
 19445 | D:15     | Found a huge runed translucent gate.
 19446 | D:15     | Found a huge runed translucent gate.
 19447 | D:15     | Found a huge runed translucent gate.
 19447 | D:15     | Found a huge runed translucent gate.
 19452 | D:15     | Found a huge runed translucent gate.
 19453 | D:15     | Found a huge runed translucent gate.
 19453 | D:15     | Found a huge runed translucent gate.
 19453 | D:15     | Found a huge runed translucent gate.
 19453 | D:15     | Found a huge runed translucent gate.
 19455 | D:15     | Found a huge runed translucent gate.
 19485 | D:15     | Found a huge runed translucent gate.
 19486 | D:15     | Found a huge runed translucent gate.
 19618 | D:15     | Noticed Kirke
 19820 | D:15     | Killed Kirke
 19868 | D:15     | Found a staircase to the Depths.
 19948 | D:15     | Noticed a sphinx
 19948 | D:15     | Noticed Gryn's ghost (adept DjFE)
 19948 | D:15     | Noticed Plog's ghost (journeyman DsMo)
 19948 | D:15     | Noticed Plog's ghost (journeyman DsMo)
 19948 | D:15     | Noticed Ratippef's ghost (journeyman DEAE)
 19948 | D:15     | Noticed Iranwisias's ghost (journeyman KoHu)
 19948 | D:15     | Noticed Tewoziw's ghost (journeyman FoFi)
 19949 | D:15     | Noticed Boicepta's ghost (journeyman DsGl)
 19949 | D:15     | Noticed Iluat's ghost (journeyman MDFE)
 20227 | D:15     | Killed Boicepta's ghost
 20240 | D:15     | Killed Gryn's ghost
 20352 | D:15     | Paralysed by a sphinx for 2 turns
 20361 | D:15     | Paralysed by a sphinx for 4 turns
 20370 | D:15     | Paralysed by a sphinx for 5 turns
 20375 | D:15     | Killed a sphinx
 20398 | D:15     | Killed Plog's ghost
 20518 | D:15     | Mangled by Plog's ghost

Illustrated notes

Levels and vault maps discovered:
D:1:      erik_arrival_cave_to_civilisation [erik_arrival_cave_to_hall],
          layout_rooms, chequers_ecumenical_altar_grove
D:2:      layout_basic, kennysheep_path_1, minmay_randomly_rotated_circles,
          uniq_robin
D:3:      layout_loops_ring, minitemple, okawaru_altar_gauntlet_db
D:4:      layout_cave_pools, serial_column_ruins, column_ruins_pillar_12,
          column_ruins_pillar_1, column_ruins_pillar_9, column_ruins_pillar_1,
          column_ruins_pillar_1, column_ruins_pillar_4, column_ruins_pillar_6,
          column_ruins_pillar_3, column_ruins_pillar_5, column_ruins_pillar_3,
          column_ruins_pillar_1, column_ruins_pillar_5, column_ruins_pillar_11,
          column_ruins_pillar_5, lexackson_kobold_supper
D:5:      layout_gridville, minmay_temple_entry_large_hall,
          cheibrodos_sewer_entry_bend, minmay_manual_mares
D:6:      layout_cave_pods
D:7:      layout_basic, enter_bailey_2, gammafunk_ghost_berserking_beasts,
          chequers_guarded_unrand_ignorance
D:8:      layout_cave_pods, mainiacjoe_overflow_concentric_impassable
D:9:      layout_rooms, mainiacjoe_overflow_alcove_2, fedhas_ov_isle_minmay,
          serial_shops, shop, uniq_jeremiah, uniq_prince_ribbit1, uniq_erica,
          uniq_maggie, uniq_joseph
D:10:     layout_cave_pools, vehumet_crystals, mainiacjoe_overflow_24_doors,
          mainiacjoe_overflow_surrounded_room, hellmonk_lair_entry_icy,
          nicolae_custom_books
D:11:     layout_rooms, erik_orc_4, serial_shops, nicolae_shop_waterfront,
          nicolae_shop_statue_plus, nicolae_shop_crystal,
          nicolae_shop_hallway_stairs, nicolae_shop_pleasant_corner_grove
D:12:     layout_basic
D:13:     layout_loops_ring, serial_shops, bzr_entry_gold,
          portal_ice_cave_entry_pillars_1, enter_trove_0,
          minmay_dual_archer_statues
D:14:     layout_cave_pools, erik_vaults_2, hangedman_decor_push, uniq_josephine
D:15:     grunt_enter_depths_snipers, layout_loops_ring,
          minmay_misc_feat_plants, gammafunk_ghost_door_vault, uniq_kirke
Temple:   nicolae_temple_ecumenical_triangle
Lair:1:   layout_loops_ring, beast_lair_carwin_10
Lair:2:   layout_chaotic_city, nicolae_shoals_entry_flooding,
          nicolae_spider_entry_orb_guardian, infiniplex_staircase_pool,
          uniq_nergalle
Lair:3:   layout_gridlike, minivault_19, dreamdust_gnoll_shepherd
Lair:4:   layout_hall_layers, dpeg_slime_entry_enclosed, beast_lair_carwin_3
Lair:5:   hangedman_lair_caniforms_friends, layout_gridlike

Skill      XL: |  1  2  3  4  5  6  7  8  9 10 11 12 13 14 15 |
---------------+----------------------------------------------+-----
Unarmed Combat | 3 |  3.4
Dodging        | 3 9 10 | 10.3
Short Blades   | 2 3 4 6 8 |  8.1
Armour         | 6 8 |  8.0
Long Blades    | 7 11 13 | 13.4
Fighting       | 6 11 | 11.0
Shields        | 3 11 13 | 13.4

Action                     |  1- 3 |  4- 6 |  7- 9 | 10-12 | 13-15 || total
---------------------------+-------+-------+-------+-------+-------++-------
  Melee: Unarmed           |    35 |       |       |       |       ||    35
         Short sword       |    87 |   128 |    49 |       |       ||   264
         Kick              |       |    48 |   195 |   356 |   746 ||  1345
         Dagger            |       |    21 |   252 |    15 |       ||   288
         Scimitar          |       |       |   105 |   842 |   618 ||  1565
         Demon blade       |       |       |       |       |  1144 ||  1144
 Invoke: Call Merchant     |       |       |       |     1 |     3 ||     4
         Potion Petition   |       |       |       |       |     2 ||     2
    Use: Potion            |       |     8 |     3 |    13 |     5 ||    29
         Scroll            |       |     6 |    12 |     7 |     6 ||    31
   Stab: Distracted        |       |       |       |     3 |     6 ||     9
 Armour: Robe              |    42 |    43 |    26 |       |       ||   111
         Pearl dragon scal |       |       |   204 |   742 |  1060 ||  2006
         Skin              |       |       |       |       |     2 ||     2
  Dodge: Dodged            |   111 |   137 |   276 |   973 |   995 ||  2492
  Block: Kite shield       |       |       |       |       |  1068 ||  1068
         Other             |       |       |       |       |     1 ||     1

Table legend: (Time is in decaauts)
 A = Elapsed time spent in this place.
 B = Non-inter-level travel time spent in this place.
 C = Inter-level travel time spent in this place.
 D = Time resting spent in this place.
 E = Time spent auto-exploring this place.
 F = Levels seen in this place.
 G = Mean time per level.
                   A        B        C        D        E       F      G
               +--------+--------+--------+--------+--------+-----+--------+
         Total |  19814 |  18071 |   1743 |    965 |  11976 |  25 |  792.6 |
       Dungeon |  13682 |  12346 |   1336 |    862 |   8296 |  15 |  912.1 |
        Temple |     18 |      1 |     17 |      0 |      0 |   1 |   18.0 |
          Lair |   5422 |   5033 |    389 |     46 |   3506 |   5 | 1084.4 |
        Bazaar |     97 |     97 |      0 |      0 |     54 |   1 |   97.0 |
         Sewer |     91 |     91 |      0 |      0 |     59 |   1 |   91.0 |
        Bailey |    340 |    340 |      0 |     18 |     60 |   1 |  340.0 |
      Ice Cave |    161 |    161 |      0 |     39 |      0 |   1 |  161.0 |
               +--------+--------+--------+--------+--------+-----+--------+

Top non-repeatable levels by time:
  Lair:5: 1706 daAuts
    D:15: 1421 daAuts
     D:7: 1356 daAuts
     D:8: 984 daAuts
     D:3: 980 daAuts
     D:5: 979 daAuts
  Lair:1: 972 daAuts
    D:10: 971 daAuts
  Lair:2: 963 daAuts
    D:11: 943 daAuts
    D:13: 905 daAuts
    D:12: 903 daAuts
  Lair:4: 902 daAuts
  Lair:3: 876 daAuts
     D:6: 859 daAuts
